 Dungeon Crawl Stone Soup version 0.18.1-8-gdd0e5ea (webtiles) character file.

350 oplop the Sneak (level 6, -2/28 HPs)
             Began as a Vine Stalker Enchanter on May 24, 2016.
             Slain by an ice beast (5 damage)
             ... on level 6 of the Dungeon.
             The game lasted 00:04:38 (2454 turns).

oplop the Sneak (Vine Stalker Enchanter)            Turns: 2454, Time: 00:04:38

Health: -2/28      AC:  6    Str: 10    XL:     6   Next: 61%
Magic:  0/13       EV: 12    Int: 15    God:
Gold:   260        SH:  0    Dex: 17    Spells: 3 memorised, 8 levels left

rFire  . . .     SeeInvis .     y - +1 dagger (venom)
rCold  . . .     Gourm    .     b - +1 robe
rNeg   . . .     Faith    .     (no shield)
rPois  .         Spirit   +     h - +0 helmet
rElec  .         Dismiss  .     l - +0 cloak
rCorr  .         Reflect  .     (no gloves)
SustAt .         Harm     .     m - +0 pair of boots
MR     .....                    (no amulet)
Stlth  +++.......               (no ring)
                                (no ring)

@: not resistant to hostile enchantments, fairly stealthy
A: fangs 2, regeneration 2, magic shield, antimagic bite, no device heal 3, rot
immunity
a: no special abilities


You were on level 6 of the Dungeon.
You were hungry.

You visited 1 branch of the dungeon, and saw 6 of its levels.

You collected 260 gold pieces.

Inventory:

Hand Weapons
 a - a +1 dagger
 y - a +1 dagger of venom (weapon)
Missiles
 f - a throwing net (quivered)
 C - 8 needles of confusion
Armour
 b - a +1 robe (worn)
 h - a +0 helmet (worn)
 l - a +0 cloak (worn)
 m - a +0 pair of boots (worn)
 z - a quicksilver dragon hide
Scrolls
 e - 4 scrolls of identify {unknown}
 i - a scroll of remove curse {unknown}
 j - 3 scrolls of blinking {unknown}
 x - a scroll of enchant weapon {unknown}
 A - a scroll of immolation {unknown}
 B - a scroll of random uselessness {unknown}
Potions
 g - a potion of curing {unknown}
 k - a potion of invisibility {unknown}
 n - a potion of ambrosia {unknown}
 p - a potion of berserk rage {unknown}
 q - 2 potions of haste {unknown}
 r - 3 potions of degeneration {unknown}
 u - a potion of cancellation {unknown}
 v - a potion of flight {unknown}
 w - a potion of lignification {unknown}
Books
 c - a book of Maledictions

   Spells                             Type                      Level
   a - Corona                         Hexes                        1
   b - Ensorcelled Hibernation        Hexes/Ice                    2
   c - Confuse                        Hexes                        3
   d - Tukima's Dance                 Hexes                        3
   e - Dazzling Spray                 Conjuration/Hexes            3
 s - a book of the Dragon

   Spells                             Type                      Level
   a - Flame Tongue                   Conjuration/Fire             1
   b - Cause Fear                     Hexes                        4
   c - Bolt of Fire                   Conjuration/Fire             6
   d - Dragon Form                    Transmutation                7
   e - Dragon's Call                  Summoning                    9
Comestibles
 d - 4 bread rations
 o - 2 fruits
 t - a meat ration


   Skills:
 - Level 0.8 Short Blades
 - Level 1.5 Dodging
 + Level 6.1 Stealth
 + Level 4.5 Spellcasting
 + Level 4.5 Hexes


You had 8 spell levels left.
You knew the following spells:

 Your Spells              Type           Power        Failure   Level  Hunger
a - Corona                Hex            ###....      2%          1    None
b - Ensorcelled Hibernat  Hex/Ice        ##....       12%         2    ##.....
c - Confuse               Hex            ###.....     10%         3    ###....


Dungeon Overview and Level Annotations

Branches:
Dungeon (6/15)
 Temple: D:4-7

Altars:
Elyvilon
Kikubaaqudgha
Trog

Annotations:
D:5 Dowan, Duvessa


Innate Abilities, Weirdness & Mutations

You have extremely sharp teeth.
You heal very quickly.
When hurt, damage is shared between your health and your magic reserves.
Your bite disrupts and absorbs the magic of your enemies.
Potions and wands cannot restore your health.
You are immune to rotting.


Message History

Press: ? - help, Shift-Dir - straight line, f - ice beast
Aim: an ice beast (chance to defeat MR: 47%)
The ice beast resists with some effort.
The ice beast hits you. The ice beast freezes you! The giant frog misses you.
Casting: Confuse
Confirm with . or Enter, or press ? or * to list all spells.
Aiming: Confuse
Press: ? - help, Shift-Dir - straight line, f/p - ice beast
Aim: an ice beast (chance to defeat MR: 47%)
The ice beast resists with some effort.
The giant frog hits you. The ice beast closely misses you.
The giant frog hits you but does no damage.
The giant frog barely misses you. The ice beast hits you.
The ice beast freezes you!
* * * LOW HITPOINT WARNING * * *
The giant frog closely misses you. The ice beast hits you.
* * * LOW HITPOINT WARNING * * *
The ice beast freezes you.
You die...

#..##..... ..#
#.....?..##..###
#. #....†...)...
.##............
..##...........
###.
#......./... ...
#.....?....#
#.##...<.....).
#.@Y...........
#..F..........#
##..###...)..##
#.<# ##.#....#
#..# $###..#
##.. .# #.# #...
.# .. ##.#. .##.


You could see an ice beast and a giant frog.

Vanquished Creatures
  A water moccasin skeleton (D:4)
  A howler monkey (D:4)
  A crimson imp (D:5)
  A hound (D:4)
  A giant frog skeleton (D:3)
  A worker ant (D:4)
  A hound zombie (D:6)
  4 adders
  An ooze (D:4)
  3 worms
  A dart slug (D:2)
  2 giant geckos
  5 orcs (D:3)
  4 giant cockroaches
  6 goblins
  8 hobgoblins
  12 jackals
  3 kobolds
  4 quokkas
  2 ball pythons
  11 bats
  3 giant newts
  4 rats
80 creatures vanquished.

Notes
Turn   | Place    | Note
--------------------------------------------------------------
     0 | D:1      | oplop the Vine Stalker Enchanter began the quest for the Orb.
     0 | D:1      | Reached XP level 1. HP: 9/9 MP: 4/4
   351 | D:2      | Reached XP level 2. HP: 13/13 MP: 4/6
   378 | D:2      | Reached skill level 4 in Stealth
   626 | D:2      | Reached XP level 3. HP: 16/16 MP: 8/8
  1135 | D:3      | Learned a level 2 spell: Ensorcelled Hibernation
  1139 | D:3      | Learned a level 3 spell: Confuse
  1168 | D:3      | Reached XP level 4. HP: 21/21 MP: 9/9
  1209 | D:3      | Reached skill level 5 in Stealth
  1419 | D:3      | Found a white marble altar of Elyvilon.
  1510 | D:3      | Found a white marble altar of Elyvilon.
  1510 | D:3      | Found an ancient bone altar of Kikubaaqudgha.
  1511 | D:3      | Found a bloodstained altar of Trog.
  1556 | D:3      | Reached XP level 5. HP: 22/24 MP: 9/11
  1828 | D:4      | Noticed an eye of draining
  1828 | D:4      | Noticed an ogre
  2072 | D:4      | Gained mutation: You heal very quickly. [Vine Stalker growth]
  2072 | D:4      | Reached XP level 6. HP: 19/28 MP: 13/13
  2352 | D:5      | Entered Level 5 of the Dungeon
  2353 | D:5      | Reached skill level 6 in Stealth
  2392 | D:5      | Noticed an ice beast
  2394 | D:5      | Noticed Dowan
  2395 | D:5      | Noticed Duvessa
  2429 | D:6      | Noticed an ice beast
  2454 | D:6      | Slain by an ice beast

Skill      XL: |  1  2  3  4  5  6 |
---------------+-------------------+-----
Stealth        | 4 5 6 |  6.1
Spellcasting   | 3 4 |  4.5
Hexes          | 4 |  4.5
Short Blades   | |  0.8
Dodging        | |  1.5

Action                   |  1- 3 |  4- 6 || total
-------------------------+-------+-------++-------
Melee: Dagger            |   105 |   149 ||   254
       Bite              |    19 |    34 ||    53
 Cast: Ensorcelled Hiber |       |     4 ||     4
       Confuse           |       |     4 ||     4
 Stab: Sleeping          |    12 |    14 ||    26
  Eat: Chunk             |     1 |     4 ||     5
Armor: Robe              |    39 |    57 ||    96
Dodge: Dodged            |    73 |   117 ||   190
